 Dungeon Crawl Stone Soup version 0.30.0 (webtiles) character file.

Game seed: 13811518144177183007

105 Byczy the Shooter (level 4, 0/37 HPs)
             Began as a Minotaur Hunter on May 6, 2023.
             Was an Initiate of Elyvilon.
             Succumbed to Crazy Yiuf's poison
             ... on level 3 of the Dungeon.
             The game lasted 00:13:29 (1990 turns).

Byczy the Shooter (Minotaur Hunter)                 Turns: 1990, Time: 00:13:30

Health: 0/37       AC:  3    Str: 15    XL:     4   Next: 54%
Magic:  0/3        EV: 12    Int:  6    God:    Elyvilon [......]
Gold:   96         SH:  0    Dex: 16    Spells: 3/3 levels left

rFire   . . .        a - +0 shortbow
rCold   . . .        (shield currently unavailable)
rNeg    . . .        c - +0 leather armour
rPois   .            (helmet restricted)
rElec   .            (no cloak)
rCorr   .            (no gloves)
SInv    .            (no boots)
Will    .....        (no amulet)
Stlth   ++           (no ring)
HPRegen 0.26/turn    (no ring)
MPRegen 0.08/turn

%: no passive effects
@: lethally poisoned (0 -> -1), attractive
A: horns 2, retaliatory headbutt
a: Renounce Religion


You were on level 3 of the Dungeon.
You worshipped Elyvilon.
Elyvilon was noncommittal.
You visited 1 branch of the dungeon, and saw 3 of its levels.

You collected 96 gold pieces.

Inventory:

Hand Weapons
 a - a +0 shortbow (weapon)
 m - a +0 short sword
 v - a +3 quarterstaff of chaos
Missiles
 l - 5 poisoned darts
 o - 4 boomerangs
Armour
 c - a +0 leather armour (worn)
 d - a +0 leather armour
 k - a scarf of invisibility
 w - a +0 cloak
Jewellery
 p - a ring of resist corrosion
Wands
 s - a wand of flame (17)
Scrolls
 b - 2 scrolls of immolation
 f - 2 scrolls of blinking {unknown}
 g - 3 scrolls of identify {unknown}
 j - a scroll of vulnerability {unknown}
 q - 2 scrolls of fear {unknown}
 r - 2 scrolls of enchant armour {unknown}
 u - 3 scrolls of poison {unknown}
Potions
 e - a potion of brilliance {unknown}
 h - a potion of mutation {unknown}
 i - a potion of flight {unknown}
 n - a potion of attraction
 t - a potion of haste {unknown}


   Skills:
 + Level 2.9 Fighting
 + Level 6.1 Ranged Weapons
 + Level 0.1 Throwing
 + Level 1.4 Armour
 + Level 2.2 Dodging
 + Level 0.8 Stealth


You had 3 spell levels left.
You didn't know any spells.
Your spell library was empty.

Dungeon Overview and Level Annotations

Branches:
Dungeon (3/15)

Altars:
Cheibriados
Elyvilon

Shops:
D:1 (


Innate Abilities, Weirdness & Mutations

You have a pair of horns on your head.
You reflexively headbutt those who attack you in melee.


Message History

You feel very sick. Crazy Yiuf misses you. Crazy Yiuf barely misses you.
Fire: a) +0 shortbow
Press: ? - help, Q - select action, (/) - cycle Shift-Dir - straight line, f/p - Crazy Yiuf
Aim: Crazy Yiuf, wielding a +3 quarterstaff of chaos and wearing a +0 cloak (lightly wounded, berserk, 66% to hit)
You shoot an arrow. The arrow hits Crazy Yiuf.
Crazy Yiuf is heavily wounded.
You feel very sick.
Crazy Yiuf hits you with a +3 quarterstaff of chaos!
* * * LOW HITPOINT WARNING * * *
Crazy Yiuf freezes you.
* * * LOW HITPOINT WARNING * * *
You shoot an arrow. The arrow barely misses Crazy Yiuf.
* * * LOW HITPOINT WARNING * * *
You feel sick. Crazy Yiuf barely misses you. You furiously retaliate!
You headbutt Crazy Yiuf! Crazy Yiuf completely misses you.
You furiously retaliate!
You headbutt Crazy Yiuf. You shoot an arrow.
The arrow hits Crazy Yiuf but does no damage.
Crazy Yiuf is almost dead.
* * * LOW HITPOINT WARNING * * *
You feel sick. Crazy Yiuf completely misses you. Crazy Yiuf closely misses you.
It was a potion of attraction.
You feel attractive to monsters.
* * * LOW HITPOINT WARNING * * *
You feel sick.
Crazy Yiuf hits you with a +3 quarterstaff of chaos!
Elyvilon protects you from harm!
You feel your power leaking away. Crazy Yiuf closely misses you.
You furiously retaliate!
You headbutt Crazy Yiuf.
You kill Crazy Yiuf!
Your Ranged Weapons skill increases to level 6!
Elyvilon protects you from harm!
There is an open translucent door, spattered with blood here.
Things that are here:
a +3 quarterstaff of chaos; a +0 cloak
v - a +3 quarterstaff of chaos;
w - a +0 cloak Elyvilon protects you from harm!
You die...

.. #.# # #.#
# ####.####
####........
#....##.####
#####
#.......†...
#)..#
#.#.........
#...#
###.........
#.@.#
#.........
##'##
#.(.......
♣.♣♣
#...†.....
♣♣.♣
#.........
♣.♣♣
#.########
♣♣.♣ #.#
♣♣.♣♣ #.#
♣♣...♣ #.#
♣....♣ #.#


There were no monsters in sight!

Vanquished Creatures
  Crazy Yiuf (D:3)
  3 adders
  A worm (D:2)
  2 dart slugs (D:3)
  A giant cockroach (D:1)
  5 goblins
  8 hobgoblins
  3 quokkas (D:3)
  6 ball pythons
  2 frilled lizards (D:3)
  6 kobolds
  9 rats
47 creatures vanquished.

Notes
Turn   | Place    | Note
-------+----------+-------------------------------------------
     0 | D:1      | Byczy the Minotaur Hunter began the quest for the Orb.
     0 | D:1      | Reached XP level 1. HP: 18/18 MP: 0/0
   315 | D:1      | Reached XP level 2. HP: 25/25 MP: 1/1
   387 | D:1      | Found Feischen's Antique Weapon Shoppe.
   424 | D:1      | Noticed a golden eye
   429 | D:1      | Noticed a shining eye
   431 | D:1      | Found a faded altar of an unknown god.
   439 | D:1      | Noticed a floating eye
   443 | D:1      | Noticed a golden eye
   478 | D:1      | Reached skill level 5 in Ranged Weapons
   852 | D:2      | Reached skill level 1 in Armour
   852 | D:2      | Reached XP level 3. HP: 30/30 MP: 2/2
  1740 | D:3      | Found a large runed translucent door.
  1741 | D:3      | Found a large runed translucent door.
  1806 | D:3      | Reached XP level 4. HP: 15/37 MP: 3/3
  1820 | D:3      | Found a white marble altar of Elyvilon.
  1831 | D:3      | Found a snail-covered altar of Cheibriados.
  1839 | D:3      | Became a worshipper of Elyvilon the Healer
  1962 | D:3      | Found a runed translucent door.
  1963 | D:3      | Noticed Crazy Yiuf
  1986 | D:3      | HP: 1/37 [poisoned by Crazy Yiuf]
  1987 | D:3      | Elyvilon protects you from harm!
  1987 | D:3      | Killed Crazy Yiuf
  1988 | D:3      | Reached skill level 6 in Ranged Weapons
  1988 | D:3      | Elyvilon protects you from harm!
  1989 | D:3      | Elyvilon protects you from harm!
  1990 | D:3      | Succumbed to Crazy Yiuf's poison

Illustrated notes

Levels and vault maps discovered:
D:1:      nagdon_arrival_double_spiral, layout_basic,
          hellmonk_ecumenical_altar_watching_god, serial_shops, shop
D:2:      layout_loops_ring, roderic_filled_cross
D:3:      layout_rooms, jmf_multi_god_temple2, minmay_between,
          uniq_crazy_yiuf_cottage

Skill      XL: |  1  2  3  4 |
---------------+-------------+-----
Ranged Weapons | 5 6 |  6.1
Armour         | 1 |  1.4
Fighting       | |  2.9
Throwing       | |  0.1
Dodging        | |  2.2
Stealth        | |  0.8

Action                     |  1- 3 |  4- 6 || total
---------------------------+-------+-------++-------
   Fire: Shortbow          |   110 |    11 ||   121
  Throw: Dart              |     5 |       ||     5
    Use: Potion            |       |     1 ||     1
 Armour: Leather armour    |     6 |       ||     6
  Dodge: Dodged            |    20 |    11 ||    31
